 Dungeon Crawl Stone Soup version 0.19-a0-997-gd62de01 (webtiles) character file.

81 AlphabetPasta the Firebug (level 4, 0/27 HPs)
             Began as a Halfling Fire Elementalist on July 17, 2016.
             Slain by Grinder (3 damage)
             ... while paralysed by Grinder
             ... on level 3 of the Dungeon.
             The game lasted 00:06:59 (1934 turns).

AlphabetPasta the Firebug (HaFE)                    Turns: 1934, Time: 00:07:00

Health: 0/27       AC:  3    Str:  8    XL:     4   Next: 68%
Magic:  3/7        EV:  3    Int: 15    God:
Gold:   68         SH:  0    Dex: 14    Spells: 3 memorised, 1 level left

rFire  . . .     SeeInvis +     u - +3 spear
rCold  . . .     Gourm    .     a - +0 robe
rNeg   . . .     Faith    .     (shield restricted)
rPois  .         Spirit   .     (no helmet)
rElec  .         Dismiss  .     (no cloak)
rCorr  .         Reflect  .     o - +0 pair of gloves
SustAt .         Harm     .     (no boots)
MR     +....                    (no amulet)
Stlth  ++........               e - ring of protection from magic
                                d - ring of see invisible

@: paralysed, somewhat resistant to hostile enchantments, unstealthy
A: mutation resistance 1
a: no special abilities


You were on level 3 of the Dungeon.
You were hungry.

You visited 1 branch of the dungeon, and saw 3 of its levels.

You collected 68 gold pieces.

Inventory:

Hand Weapons
 f - a +0 mace
 u - a +3 spear (weapon)
Armour
 a - a +0 robe (worn)
 o - a +0 pair of gloves (worn)
Jewellery
 d - a ring of see invisible (left hand)
 e - a ring of protection from magic (right hand)
 r - a cursed ring of stealth {unknown}
Wands
 s - a wand of iceblast (10/15)
 t - a wand of digging (18/24)
Scrolls
 g - 2 scrolls of identify {unknown}
 k - 2 scrolls of teleportation {unknown}
 n - 2 scrolls of remove curse {unknown}
Potions
 h - a potion of agility {unknown}
 l - a potion of curing {unknown}
 m - a potion of mutation {unknown}
 p - a potion of berserk rage {unknown}
 q - a potion of haste {unknown}
Books
 b - a book of Flames

   Spells                             Type                      Level
   a - Flame Tongue                   Conjuration/Fire             1
   b - Throw Flame                    Conjuration/Fire             2
   c - Conjure Flame                  Conjuration/Fire             3
   d - Inner Flame                    Hexes/Fire                   3
   e - Sticky Flame                   Conjuration/Fire             4
   f - Fireball                       Conjuration/Fire             5
Comestibles
 c - 4 bread rations
 i - a meat ration
 j - a chunk of flesh


   Skills:
 + Level 0.0 Polearms
 - Level 2.8 Dodging
 - Level 2.1 Stealth
 + Level 2.2 Spellcasting
 + Level 1.7 Conjurations
 * Level 3.7 Fire Magic


You had one spell level left.
You knew the following spells:

 Your Spells              Type           Power        Failure   Level  Hunger
a - Flame Tongue          Conj/Fire      #....        10%         1    #......
b - Throw Flame           Conj/Fire      #.....       12%         2    ###....
c - Conjure Flame         Conj/Fire      #.......     24%         3    ###....


Dungeon Overview and Level Annotations

Branches:
Dungeon (3/15)

Altars:

Annotations:
D:3 Grinder


Innate Abilities, Weirdness & Mutations

You are small and have problems with some larger weapons.
You are somewhat resistant to further mutation.


Message History

Grinder is lightly wounded.
You are feeling hungry.
Casting: Throw Flame
Confirm with . or Enter, or press ? or * to list all spells.
Aiming: Throw Flame
Press: ? - help, Shift-Dir - straight line, f/p - Grinder
Aim: Grinder (lightly wounded)
The puff of flame hits Grinder.
Grinder is lightly wounded.
Grinder says, "Don't move a muscle."
Grinder gestures at you.
You suddenly lose the ability to move!
Grinder gestures at you. You resist with some effort. Grinder hits you.
You writhe in agony.
Grinder hits you! Grinder hits you.
* * * LOW HITPOINT WARNING * * *
You writhe in agony.
You die...

#......# #.#
#......# #.#
#...)..# #.#
#......# #.#
#......# #.#
###......##.#.# ..
....>.......#.# ..
.........####.# >.
###.##...5@#.#
..#### #..#.##....#
.....####..#.##.####
.....'.5)....##.#
##...#####..###.#
#.......#...##.#
##.......#...##.#
.5#......##..##.#
#.#......##..##.#


You could see Grinder.

Vanquished Creatures
  Ijyb (D:1)
  3 adders (D:2)
  A dart slug (D:2)
  A giant gecko (D:1)
  2 giant cockroaches
  4 goblins
  7 hobgoblins
  A kobold (D:2)
  A quokka (D:2)
  3 bats (D:2)
  2 giant newts
  3 rats
29 creatures vanquished.

Notes
Turn   | Place    | Note
-------+----------+-------------------------------------------
     0 | D:1      | AlphabetPasta the Halfling Fire Elementalist began the quest for the Orb.
     0 | D:1      | Reached XP level 1. HP: 11/11 MP: 3/3
   273 | D:1      | Reached skill level 1 in Conjurations
   413 | D:1      | Reached XP level 2. HP: 16/17 MP: 0/4
   417 | D:1      | Learned a level 2 spell: Throw Flame
   556 | D:2      | Noticed Ijyb
   587 | D:1      | Killed Ijyb
   587 | D:1      | Reached XP level 3. HP: 7/21 MP: 0/5
  1065 | D:2      | Reached XP level 4. HP: 27/27 MP: 3/7
  1070 | D:2      | Learned a level 3 spell: Conjure Flame
  1903 | D:3      | Noticed Grinder
  1928 | D:3      | Paralysed by Grinder for 7 turns
  1934 | D:3      | Slain by Grinder

Vault maps used:
D:1:      eino_arrival_cavern_e
D:2:      minivault_25, uniq_iyjb
D:3:      first_bread, corexii_leaking_fountain, uniq_grinder

Skill      XL: |  1  2  3 |
---------------+----------+-----
Conjurations   | 1 |  1.7
Spellcasting   | 2 |  2.2
Dodging        | |  2.8
Stealth        | |  2.1
Fire Magic     | |  3.7

Action                   |  1- 3 |  4- 6 || total
-------------------------+-------+-------++-------
Melee: Mace              |    12 |     2 ||    14
       Spear             |       |     5 ||     5
 Cast: Flame Tongue      |    30 |    24 ||    54
       Throw Flame       |     1 |     4 ||     5
  Eat: Chunk             |     1 |     3 ||     4
Armor: Robe              |     5 |     2 ||     7
Dodge: Dodged            |    25 |     8 ||    33
